 Dungeon Crawl Stone Soup version 0.28-a0-861-ge64d6db94f (webtiles) character file.

Game seed: 14936141783810597941

637 kklluuttzz the Chopper (level 7, 0/50 HPs)
             Began as a Formicid Warper on Nov 16, 2021.
             Slain by a wyvern zombie (10 damage)
             ... in an ossuary.
             The game lasted 00:11:16 (6893 turns).

kklluuttzz the Chopper (Formicid Warper)            Turns: 6893, Time: 00:11:16

Health: 0/50       AC:  6    Str: 18    XL:     7   Next: 80%
Magic:  13/13      EV: 11    Int: 18    God:
Gold:   176        SH:  0    Dex: 10    Spells: 11/14 levels left

rFire   . . .      SeeInvis +   a - +0 hand axe
rCold   . . .      Faith    .   (no shield)
rNeg    . . .      Spirit   .   m - +0 leather armour
rPois   .          Reflect  .   (helmet unavailable)
rElec   .          Harm     .   r - +0 cloak
rCorr   .          Rampage  .   o - +0 pair of gloves
Will    .....                   f - +0 pair of boots
Stlth   +.........              d - amulet of the acrobat
HPRegen 0.16/turn               n - +6 ring of intelligence
MPRegen 0.13/turn               (no ring)

@: no status effects
A: permanent stasis, dig shafts and tunnels, antennae 3, four strong arms
a: Dig


You were in an ossuary.
You visited 1 branch of the dungeon, and saw 5 of its levels.
You also visited: Ossuary.

You collected 176 gold pieces.

Inventory:

Hand Weapons
 a - a +0 hand axe (weapon)
 b - a +0 hand crossbow
 e - a +1 dagger of venom
Missiles
 c - 5 boomerangs of dispersal (quivered)
 z - 38 bolts
Armour
 f - a +0 pair of boots (worn)
 j - a +1 scale mail of cold resistance
 m - a +0 leather armour (worn)
 o - a +0 pair of gloves (worn)
 r - a +0 cloak (worn)
Jewellery
 d - an amulet of the acrobat (around neck)
 i - a ring of poison resistance
 n - a +6 ring of intelligence (left hand)
 C - a ring of protection from cold
Wands
 s - a wand of iceblast (3)
 y - a wand of polymorph (4)
Scrolls
 g - a scroll of fog
 h - a scroll of identify
 k - 2 scrolls of teleportation
 l - a scroll of silence {unknown}
 p - a scroll of magic mapping
 q - a scroll of noise
 u - a scroll of holy word {unknown}
 x - a scroll of fear {unknown}
Potions
 t - a potion of brilliance {unknown}
 v - 2 potions of heal wounds {unknown}
 w - a potion of curing
 A - a potion of cancellation {unknown}
 B - a potion of flight {unknown}


   Skills:
 - Level 2.1 Fighting
 + Level 6.3 Axes
 - Level 1.0 Throwing
 - Level 1.1 Armour
 - Level 1.7 Dodging
 - Level 4.1 Spellcasting
 - Level 4.2 Translocations


You had 11 spell levels left.
You knew the following spells:

 Your Spells              Type           Power      Damage    Failure   Level
t - Teleport Other        Tloc           18%        N/A       10%         3

Your spell library contained the following spells:

 Spells                   Type           Power      Damage    Failure   Level
 Gell's Gravitas          Tloc           18%        N/A       10%         3
 Lesser Beckoning         Tloc           18%        N/A       10%         3
 Magic Dart               Conj           12%        1d3       17%         1
 Slow                     Hex            12%        N/A       17%         1
 Searing Ray              Conj           6%         2d4       26%         2
 Confusing Touch          Hex            3%         N/A       45%         3
 Manifold Assault         Tloc           18%        N/A       65%         5
 Fulminant Prism          Conj/Hex       1%         3d6       86%         4
 Yara's Violent Unravell  Hex/Tmut       1%         3d3       99%         5
 Blink                    Tloc           Unusable   N/A       N/A         2

Dungeon Overview and Level Annotations

Branches:
Dungeon (5/15)            Ossuary (1/1)
 Temple: D:4-7

Altars:
Trog

Annotations:
D:2 Grinder
D:4 1 runed translucent door, Crazy Yiuf


Innate Abilities, Weirdness & Mutations

You cannot be hasted, slowed, berserked, paralysed or teleported.
You can dig through walls and to a lower floor.
You have a pair of large antennae on your head. (SInv)
Your four strong arms can wield two-handed weapons with a shield.


Message History

The iceblast engulfs the mummy!
The mummy partially resists.
The mummy is heavily damaged.
The iceblast engulfs the wyvern zombie.
The wyvern zombie partially resists.
The wyvern zombie is lightly damaged.
The centaur zombie hits you but does no damage.
The centaur zombie kicks you but does no damage.
The centaur zombie barely misses you.
The centaur zombie kicks you but does no damage.
Unknown command.
Aiming: Iceblast
Press: ? - help, Shift-Dir - straight line, f - wyvern zombie
Aim: a wyvern zombie (lightly damaged)
The mass of ice explodes!
The iceblast engulfs the wyvern zombie.
The wyvern zombie partially resists.
The wyvern zombie is moderately damaged.
The iceblast engulfs the centaur zombie!
The centaur zombie partially resists.
The centaur zombie is almost destroyed.
The iceblast engulfs the mummy!
The mummy partially resists.
You destroy the mummy!
The centaur zombie hits you but does no damage.
The centaur zombie kicks you but does no damage.
You hit the centaur zombie.
The centaur zombie is almost destroyed.
You hit the wyvern zombie.
The wyvern zombie bites you but does no damage.
The centaur zombie hits you but does no damage.
The centaur zombie barely misses you.
You hit the centaur zombie.
You destroy the centaur zombie!
You hit the wyvern zombie. The wyvern zombie bites you.
The wyvern zombie completely misses you.
You slash the wyvern zombie!
The wyvern zombie is heavily damaged.
The wyvern zombie bites you!
* * * LOW HITPOINT WARNING * * *
You hit the wyvern zombie.
The wyvern zombie is heavily damaged.
The wyvern zombie bites you!
You die...

≈#≈#≈≈#
#≈#≈#≈## ##
≈P≈.#P#
#≈#≈.#Z≈.≈.#{{≈
#P.≈{.≈.{≈{.≈.
{##≈## #...#{
#.Z.# #@.∩#{
##### { {{ { {{


You could see a wyvern zombie.

Vanquished Creatures
  Sigmund (D:4)
  A centaur (D:4)
  Blork the orc (D:4)
  A scorpion (D:5)
  A centaur zombie (Ossuary)
  An iguana (D:5)
  3 mummies
  8 adders
  4 worms
  3 dart slugs
  An orc (D:4)
  9 bats
  7 endoplasms
  A giant cockroach (D:3)
  9 goblins
  14 hobgoblins
  3 jackals (D:4)
  4 quokkas
  A ball python (D:3)
  A frilled lizard (D:1)
  A goblin zombie (D:5)
  A jackal skeleton (D:4)
  10 kobolds
  An orc zombie (D:5)
  2 rats (D:3)
89 creatures vanquished.

Vanquished Creatures (others)
  A plant (D:2)
  A withered plant (Ossuary)
2 creatures vanquished.

Grand Total: 91 creatures vanquished

Notes
Turn   | Place    | Note
-------+----------+-------------------------------------------
     0 | D:1      | kklluuttzz the Formicid Warper began the quest for the Orb.
     0 | D:1      | Reached XP level 1. HP: 16/16 MP: 3/3
     6 | D:1      | Noticed a wyvern
     6 | D:1      | Noticed a black bear
     7 | D:1      | Noticed an iguana
     7 | D:1      | Noticed a hog
   306 | D:1      | Reached XP level 2. HP: 22/22 MP: 5/5
   674 | D:1      | Reached skill level 3 in Axes
  1060 | D:1      | Reached XP level 3. HP: 12/27 MP: 6/6
  1696 | D:2      | Reached skill level 4 in Axes
  1696 | D:2      | Reached XP level 4. HP: 24/33 MP: 7/7
  1713 | D:2      | HP: 1/33 [poisoned by an adder]
  2258 | D:2      | HP: 2/49 [quokka (3)]
  2792 | D:2      | Learned a level 3 spell: Teleport Other
  3489 | D:2      | Found a faded altar of an unknown god.
  3500 | D:2      | Reached XP level 5. HP: 35/38 MP: 8/8
  3772 | D:3      | Reached skill level 5 in Axes
  4050 | D:3      | Noticed Grinder
  4072 | D:3      | You fall into a shaft and drop 1 floor!
  4404 | D:4      | Noticed a centaur
  4418 | D:4      | Killed a centaur
  4419 | D:4      | Reached skill level 6 in Axes
  4419 | D:4      | Reached XP level 6. HP: 3/44 MP: 9/9
  4888 | D:4      | Noticed Sigmund
  5802 | D:3      | Found a bloodstained altar of Trog.
  6168 | D:4      | Noticed Blork the orc
  6177 | D:4      | Killed Blork the orc
  6220 | D:4      | Killed Sigmund
  6221 | D:4      | Reached XP level 7. HP: 45/50 MP: 10/12
  6293 | D:4      | Found a runed translucent door.
  6294 | D:4      | Noticed Crazy Yiuf
  6324 | D:5      | Entered Level 5 of the Dungeon
  6395 | D:5      | Noticed a water moccasin
  6659 | D:5      | Found a sand-covered staircase.
  6824 | Ossuary  | Entered an ossuary
  6893 | Ossuary  | Slain by a wyvern zombie

Illustrated notes

Levels and vault maps discovered:
D:1:      onia_arrival_zoo_common, layout_loops_cross
D:2:      wad_lake_hut, layout_basic, ebering_ecumenical_altar_sacrificial,
          minmay_goblin_outpost
D:3:      minmay_angry_zag, layout_loops_ring, trog_book, uniq_grinder
D:4:      layout_rooms, kennysheep_generic_room_7, uniq_blork_the_orc,
          uniq_sigmund, uniq_crazy_yiuf_cottage
D:5:      layout_basic, nicolae_ossuary_entry_giza,
          minmay_a_box_with_orc_wizards_in_it
Ossuary:  ossuary_zaba_flooded

Skill      XL: |  1  2  3  4  5  6  7 |
---------------+----------------------+-----
Axes           | 3 4 6 |  6.3
Translocations | 3 4 |  4.2
Spellcasting   | 3 4 |  4.1
Fighting       | |  2.1
Throwing       | |  1.0
Armour         | |  1.1
Dodging        | |  1.7

Action                   |  1- 3 |  4- 6 |  7- 9 || total
-------------------------+-------+-------+-------++-------
Melee: Hand axe          |    98 |   250 |    63 ||   411
 Fire: Hunting sling     |       |     3 |       ||     3
       Hand crossbow     |       |     6 |       ||     6
Throw: Stone             |       |     7 |       ||     7
 Abil: Dig               |       |     3 |     5 ||     8
       Shaft Self        |       |     1 |       ||     1
Evoke: Wand              |       |     3 |     2 ||     5
  Use: Potion            |       |     3 |       ||     3
       Scroll            |       |     3 |     1 ||     4
 Stab: Sleeping          |       |     1 |       ||     1
Armor: Leather armour    |    30 |    75 |    23 ||   128
       Skin              |       |    22 |       ||    22
Dodge: Dodged            |    78 |   150 |    39 ||   267

Table legend: (Time is in decaauts)
 A = Elapsed time spent in this place.
 B = Non-inter-level travel time spent in this place.
 C = Inter-level travel time spent in this place.
 D = Time resting spent in this place.
 E = Time spent auto-exploring this place.
 F = Levels seen in this place.
 G = Mean time per level.
                   A        B        C        D        E       F      G
               +--------+--------+--------+--------+--------+-----+--------+
         Total |   6956 |   6711 |    245 |   2598 |   2983 |   6 | 1159.3 |
       Dungeon |   6886 |   6641 |    245 |   2558 |   2983 |   5 | 1377.2 |
       Ossuary |     69 |     69 |      0 |     40 |      0 |   1 |   69.0 |
               +--------+--------+--------+--------+--------+-----+--------+

Top non-repeatable levels by time:
     D:2: 2592 daAuts
     D:3: 1375 daAuts
     D:1: 1278 daAuts
     D:4: 1186 daAuts
     D:5: 454 daAuts
 Ossuary: 69 daAuts
